 Dungeon Crawl Stone Soup version 0.31.0-11-ge490571c62 (webtiles) character file.

Game seed: 13431969229006199648

369 Gadfly the Charlatan (level 6, -22/47 HPs)
             Began as a Demonspawn Monk on Jan 28, 2024.
             Was an Initiate of Ru.
             Annihilated by an ogre
             ... wielding a +0 giant spiked club
              (27 damage)
             ... on level 4 of the Dungeon.
             The game lasted 00:06:16 (3397 turns).

Gadfly the Charlatan (Demonspawn Monk)              Turns: 3397, Time: 00:06:17

Health: -22/47     AC:  8    Str: 13    XL:     6   Next: 41%
Magic:  6/6        EV: 13    Int: 11    God:    Ru [......]
Gold:   264        SH:  0    Dex: 15    Spells: 5/5 levels left

rFire   . . .        b - +0 flail (flame)
rCold   . . .        c - orb {light}
rNeg    . . .        a - +0 robe
rPois   .            (helmet restricted)
rElec   .            (no cloak)
rCorr   .            (no gloves)
SInv    .            (no boots)
Will    .....        (no amulet)
Stlth   +            n - +4 ring of protection
HPRegen 0.27/turn    (no ring)
MPRegen 0.10/turn

%: no passive effects
@: glowing
A: antennae 2, yellow scales 1
a: Renounce Religion


You were on level 4 of the Dungeon.
You worshipped Ru.
Ru was noncommittal.
You visited 2 branches of the dungeon, and saw 5 of its levels.

You collected 264 gold pieces.

Inventory:

Hand Weapons
 b - a +0 flail of flaming (weapon)
Armour
 a - a +0 robe (worn)
 c - an orb of light (worn)
Jewellery
 n - a +4 ring of protection (left hand)
Talismans
 h - a serpent talisman
 o - a maw talisman
Scrolls
 d - a scroll of silence
 e - a scroll of revelation
Potions
 f - 2 potions of mutation
 g - a potion of enlightenment
 i - a potion of lignification {unknown}
 k - 2 potions of haste
 l - 2 potions of curing


   Skills:
 - Level 3.0 Fighting
 + Level 3.6 Dodging
 + Level 3.5 Unarmed Combat
 * Level 3.6 Evocations
 * Level 2.8 Shapeshifting


You had 5 spell levels left.
You didn't know any spells.
Your spell library contained the following spells:

 Spells                   Type           Power      Damage    Failure   Level
 Slow                     Hex            0%         N/A       34%         1
 Lesser Beckoning         Tloc           0%         N/A       47%         2
 Confusing Touch          Hex            0%         N/A       71%         3
 Gell's Gravitas          Tloc           0%         N/A       71%         3
 Sigil of Binding         Hex            0%         N/A       71%         3
 Teleport Other           Tloc           0%         N/A       71%         3
 Vampiric Draining        Necr           0%         2d6       71%         3
 Ignite Poison            Fire/Alch      0%         N/A       98%         4
 Eringya's Noxious Bog    Alch           0%         4d6       100%        6
 Ozocubu's Refrigeration  Ice            0%         4d7       100%        7


Dungeon Overview and Level Annotations

Branches:
Dungeon (4/15)             Temple (1/1) D:4

Altars:
Ashenzari
Fedhas
Hepliaklqana
Kikubaaqudgha
Makhleb
Okawaru
Ru
Sif Muna
Trog
Uskayaw
Xom


Innate Abilities, Weirdness & Mutations

You have a pair of antennae on your head.
You are partially covered in yellow scales. (AC +2)


Message History

No target in view!
No target in view!
No target in view!
No target in view!
You sense a monster nearby.
There is a stone staircase leading down here.
An ogre comes into view. It is wielding a +0 giant spiked club.
An ogre is nearby!
The ogre hits you with a +0 giant spiked club!
You hit the ogre but do no damage. The ogre closely misses you.
You hit the ogre. You burn the ogre.
The ogre is lightly wounded.
The ogre misses you.
You hit the ogre. You burn the ogre.
The ogre is lightly wounded.
The ogre hits you with a +0 giant spiked club!!
Ouch! That really hurt!
* * * LOW HITPOINT WARNING * * *
You are too injured to fight recklessly!
You are too injured to fight recklessly!
You are too injured to fight recklessly!
You are too injured to fight recklessly!
You are too injured to fight recklessly!
You are too injured to fight recklessly!
You are too injured to fight recklessly!
You are too injured to fight recklessly!
You are too injured to fight recklessly!
You are too injured to fight recklessly!
You are too injured to fight recklessly!
You are too injured to fight recklessly!
You are too injured to fight recklessly!
You are too injured to fight recklessly!
You are too injured to fight recklessly!
You are too injured to fight recklessly!
Unknown command.
Okay, then.
The ogre attacks as it pursues you!
The ogre hits you with a +0 giant spiked club!!
Ouch! That really hurt!
You die...

### ### .... ..#
##...##.#######
............... #O#
#@# ##.##
####.>.#####
#..........#
#.##...###.# ###
#.###.####.### ...
#.#..>††...... .#
##.####.#.#.####.###
. ..........#.#


You could see an ogre.

Vanquished Creatures
  A scorpion (D:4)
  A howler monkey (D:4)
  An orc priest (D:3)
  A sleepcap (D:4)
  Terence (D:3)
  2 orc wizards (D:3)
  3 gnolls (D:4)
  2 adders
  3 dart slugs
  6 orcs (D:3)
  6 bats
  9 endoplasms
  4 giant cockroaches
  10 goblins
  7 hobgoblins
  2 quokkas (D:2)
  6 ball pythons
  4 frilled lizards
  7 kobolds
  7 rats
83 creatures vanquished.

Notes
Turn   | Place    | Note
-------+----------+-------------------------------------------
     0 | D:1      | Gadfly the Demonspawn Monk began the quest for the Orb.
     0 | D:1      | Reached XP level 1. HP: 18/18 MP: 1/1
   128 | D:1      | Gained mutation: You have a pair of small antennae on your
                  | head. [demonic ancestry]
   128 | D:1      | Reached XP level 2. HP: 20/24 MP: 2/2
   285 | D:1      | Reached skill level 1 in Evocations
   303 | D:1      | Found a faded altar of an unknown god.
   324 | D:1      | Reached skill level 1 in Shapeshifting
   673 | D:1      | Gained mutation: You are partially covered in yellow
                  | scales. (AC +2) [demonic ancestry]
   673 | D:1      | Reached XP level 3. HP: 29/29 MP: 3/3
  1948 | D:3      | Reached XP level 4. HP: 35/35 MP: 4/4
  2272 | D:3      | Gained mutation: You have a pair of antennae on your head.
                  | [demonic ancestry]
  2272 | D:3      | Reached XP level 5. HP: 35/41 MP: 5/5
  2681 | D:3      | Noticed Terence
  2723 | D:3      | Killed Terence
  3065 | D:4      | Found a staircase to the Ecumenical Temple.
  3081 | Temple   | Entered the Ecumenical Temple
  3085 | Temple   | Became a worshipper of Ru the Awakened
  3108 | D:4      | Got the Compilation of Frore Tinctures
  3164 | D:4      | Reached XP level 6. HP: 40/47 MP: 6/6
  3397 | D:4      | Annihilated by an ogre

Illustrated notes

Levels and vault maps discovered:
D:1:      elethiomel_arrival_fortress_basement, layout_rooms, serial_glass,
          glass_columns_a, glass_columns_b,
          ebering_ecumenical_altar_sacrificial, interstate_on_off,
          grunt_decor_resistance, st_stairs_14, minmay_tree_intersection
D:2:      layout_loops_ring, grunt_decor_fettered, st_stairs_13,
          nicolae_kite_square_tiling_tiny, kennysheep_flooded_box, minivault_5
D:3:      layout_basic, uniq_terence
D:4:      layout_loops_ring, minmay_temple_entry_ruins
Temple:   compressed_dpeg_circular_temple

Skill      XL: |  1  2  3  4  5 |
---------------+----------------+-----
Evocations     | 1 2 3 |  3.6
Shapeshifting  | 1 2 |  2.8
Dodging        | 3 |  3.6
Unarmed Combat | 3 |  3.5
Fighting       | |  3.0

Action                     |  1- 3 |  4- 6 || total
---------------------------+-------+-------++-------
  Melee: Unarmed           |   163 |   215 ||   378
         Flail             |       |     7 ||     7
 Invoke: Reject Sacrifices |       |     1 ||     1
    Use: Scroll            |    11 |     5 ||    16
         Potion            |       |     2 ||     2
 Armour: Robe              |    58 |   104 ||   162
  Dodge: Dodged            |   103 |   104 ||   207
